AoeStats
← uugurr

Arena

506497716Analyzed
2v2 RM · 18d ago on Sep 13, 2026· 61m 43s· 4 players
Game mode
Random Map
Map size
Medium (4 player)
Population
200
Speed
Normal
Resources
Standard
Victory
Conquest
Starting age
Dark Age
Ending age
Imperial Age
RankedLock teamsTeams togetherTeam positionsShared explorationLock speedFull tech treeHidden civsTurbo modeCheats
Victory
Defeat
🇪🇨 Inca · Ecuador
968
+12
🇪🇸 Wei · Spain
880
+16
🇹🇷 Khmer · Türkiye
874
-14
🇹🇷 Bohemians · Türkiye
871
-14
spideramos
4:08 Loom
11:07 Feudal Age
11:35 Double-Bit Axe
11:33 Horse Collar
11:49 Gold Mining
11:51 Stone Mining
18:44 Castle Age
20:35 Bloodlines
20:26 Husbandry
22:33 Bow Saw
22:31 Heavy Plow
23:17 Gold Shaft Mining
27:23 Wheelbarrow
29:34 Forging
29:31 Scale Barding Armor
30:45 Ballistics
32:11 Chain Barding Armor
36:33 Imperial Age
34:52 Tuntian
36:27 Iron Casting
37:46 Conscription
37:35 Thumb Ring
38:49 Parthian Tactics
37:53 Elite Tiger Cavalry
43:17 Chemistry
48:02 Ming Guang Armor
48:43 Caravan
Subrotundum
11:46 Feudal Age
10:16 Loom
15:56 Castle Age
14:00 Double-Bit Axe
13:57 Horse Collar
15:56 Wheelbarrow
17:29 Heavy Plow
22:05 Bow Saw
24:27 Hand Cart
24:39 Gold Mining
24:40 Stone Mining
24:29 Champi Runner
25:09 Squires
25:22 Forging
25:14 Scale Mail Armor
25:10 Champi Warrior
26:55 Iron Casting
27:15 Stone Shaft Mining
27:15 Gold Shaft Mining
26:32 Arson
27:50 Fletching
28:01 Padded Archer Armor
28:25 Town Watch
28:45 Pikeman
30:42 Ballistics
30:18 Murder Holes
30:05 Treadmill Crane
34:01 Imperial Age
34:58 Chain Mail Armor
34:39 Bodkin Arrow
34:59 Leather Archer Armor
34:55 Andean Sling
34:28 Elite Champi Warrior
36:13 Blast Furnace
39:35 Conscription
39:17 Fabric Shields
40:04 Crop Rotation
39:39 Town Patrol
40:42 Chemistry
39:49 Siege Engineers
41:51 Plate Mail Armor
41:17 Bodkin Arrow
41:37 Leather Archer Armor
41:23 Halberdier
42:43 Hoardings
48:50 Caravan
uugurr
12:02 Feudal Age
16:08 Castle Age
14:18 Horse Collar
20:57 Heavy Plow
24:40 Pikeman
25:43 Caravan
29:38 Imperial Age
26:55 Town Watch
26:56 Loom
29:57 Wheelbarrow
29:52 Pikeman
31:44 Crop Rotation
32:57 Hand Cart
33:47 Double Crossbow
34:40 Conscription
35:18 Heavy Scorpion
38:44 Elite Skirmisher
40:34 Gold Mining
40:34 Stone Mining
40:35 Double-Bit Axe
42:45 Light Cavalry
43:35 Bloodlines
43:36 Scale Barding Armor
43:42 Forging
46:34 Stone Shaft Mining
46:35 Gold Shaft Mining
45:47 Hussar
46:34 Padded Archer Armor
61:09 Man-at-Arms
halilgurel08
10:32 Feudal Age
11:15 Double-Bit Axe
11:10 Horse Collar
20:01 Castle Age
21:11 Bow Saw
21:02 Heavy Plow
30:14 Imperial Age
28:39 Scale Barding Armor
28:44 Forging
28:25 Fletching
29:20 Wheelbarrow
28:31 Town Watch
28:32 Loom
30:31 Wagenburg Tactics
31:18 Hand Cart
32:44 Two-Man Saw
34:01 Chemistry
33:23 Ballistics
33:56 Fortified Wall
33:57 Masonry
33:29 Treadmill Crane
34:23 Arrowslits
34:50 Town Patrol
34:51 Elite Hussite Wagon
37:15 Bodkin Arrow
37:55 Iron Casting
38:55 Squires
38:15 Pikeman
42:00 Halberdier
55:48 Blast Furnace
54:55 Man-at-Arms
57:16 Onager
Connection lost

Rejoining the realm…

Still unreachable

The connection could not be restored.

Session expired

The server has moved on; the page needs a fresh start.